 Dungeon Crawl Stone Soup version 0.23.0 (webtiles) character file.

Game seed: 16639706718008395569

28 ohad the Changer (level 3, -3/26 HPs)
             Began as a Demonspawn Transmuter on Feb 13, 2019.
             Slain by a quokka (4 damage)
             ... on level 1 of the Dungeon.
             The game lasted 00:01:43 (1019 turns).

ohad the Changer (Demonspawn Transmuter)            Turns: 1019, Time: 00:01:44

Health: -3/26      AC:  2    Str: 10    XL:     3   Next: 0%
Magic:  5/6        EV: 12    Int: 15    God:
Gold:   129        SH:  0    Dex: 13    Spells: 5/6 levels left

rFire    . . .     SeeInvis .     - Unarmed
rCold    . . .     Gourm    .   (no shield)
rNeg     . . .     Faith    .   b - +0 robe
rPois    .         Spirit   .   (helmet restricted)
rElec    .         Reflect  .   (no cloak)
rCorr    .         Harm     .   (no gloves)
MR       .....                  (boots currently unavailable)
Stlth    +.........             (no amulet)
HPRegen  0.08/turn              (no ring)
MPRegen  0.10/turn              (no ring)

@: appendage
A: horns 1, talons 3
a: End Transformation


You were on level 1 of the Dungeon.
You were hungry.
You had grown temporary talons.
You visited 1 branch of the dungeon, and saw 2 of its levels.

You collected 129 gold pieces.

Inventory:

Missiles
 a - 29 arrows
Armour
 b - a +0 robe (worn)
 f - a +0 leather armour
Scrolls
 c - 2 scrolls of remove curse {unknown}
Potions
 e - a potion of heal wounds {unknown}
 h - 2 potions of might {unknown}
Comestibles
 d - 3 rations
 g - a chunk of flesh


   Skills:
 - Level 1.0 Fighting
 - Level 1.7 Dodging
 - Level 2.6 Unarmed Combat
 - Level 2.0 Spellcasting
 + Level 3.2 Transmutations


You had 5 spell levels left.
You knew the following spells:

 Your Spells              Type           Power        Failure   Level  Hunger
a - Beastly Appendage     Tmut           ##....       6%          1    #......

Your spell library contained the following spells:

 Spells                   Type           Power        Failure   Level  Hunger
 Sticks to Snakes         Tmut           ##......     9%          2    ###....
 Spider Form              Tmut/Pois      #.........   34%         3    ###....
 Ice Form                 Ice/Tmut       #.......     75%         4    #####..
 Blade Hands              Tmut           ##........   86%         5    ######.


Dungeon Overview and Level Annotations

Branches:
Dungeon (2/15)

Altars:


Innate Abilities, Weirdness & Mutations

You have a pair of small horns on your head.
You have claws for feet.


Message History

The quokka misses you.
Casting: Beastly Appendage (safe; 6% risk of failure)
Confirm with . or Enter, or press ? or * to list all spells.
Your feet morph into talons.
The quokka completely misses you.
You closely miss the quokka. Your headbutt misses the quokka.
The quokka is lightly wounded.
The quokka barely misses you.
You closely miss the quokka. You claw the quokka, but do no damage.
The quokka is lightly wounded.
The quokka bites you.
* * * LOW HITPOINT WARNING * * *
You closely miss the quokka. Your kick misses the quokka.
The quokka is lightly wounded.
The quokka bites you.
* * * LOW HITPOINT WARNING * * *
You are feeling hungry.
You hit the quokka. Your kick misses the quokka.
The quokka is almost dead.
The quokka bites you.
You die...

#.....#...####.....##........#
....#..............######.####
....####.#####.....# ##.#
##.## #.# #.....# #..# #.# #.#
###########.## #.#####.####
#.......#.# #.##.......#
#.#####.#.#
#.##.##.##.####r#####.#.#
#.......#......@...##.#.#
####.##....####.##.##.#.#
#.#####.# #.##.##.#.#
##.......# #.........#
#.....#### ###########
####.###.# ...).# #.#
.###.###.# .##......#


You could see a quokka.

Vanquished Creatures
  An adder (D:2)
  An ooze (D:2)
  A dart slug (D:2)
  2 bats
  A giant cockroach (D:1)
  A goblin (D:1)
  A hobgoblin (D:2)
  A kobold (D:1)
  2 frilled lizards
  A rat (D:1)
12 creatures vanquished.

Notes
Turn   | Place    | Note
-------+----------+-------------------------------------------
     0 | D:1      | ohad the Demonspawn Transmuter began the quest for the Orb.
     0 | D:1      | Reached XP level 1. HP: 15/15 MP: 3/3
    81 | D:1      | Reached skill level 2 in Transmutations
   739 | D:2      | Gained mutation: You have a pair of small horns on your
                  | head. [demonic ancestry]
   739 | D:2      | Reached XP level 2. HP: 15/21 MP: 3/5
   989 | D:2      | Reached skill level 3 in Transmutations
   989 | D:2      | Reached XP level 3. HP: 10/26 MP: 6/6
  1018 | D:1      | HP: 1/26 [quokka (2)]
  1019 | D:1      | Slain by a quokka

Skill      XL: |  1  2 |
---------------+-------+-----
Transmutations | 2 3 |  3.2
Fighting       | |  1.0
Dodging        | |  1.7
Unarmed Combat | |  2.6
Spellcasting   | |  2.0

Action                   || total
-------------------------++-------
Melee: Unarmed           ||    42
       Kick              ||     4
       Headbutt          ||     3
 Cast: Beastly Appendage ||     9
Armor: Robe              ||    14
Dodge: Dodged            ||    33
